Unix NetHack Version 3.7.0-101 Work-in-progress - last build Apr 1 2024 13:39:02 (cf3915abb6dcc6e3362b2b16a766b7b4f6c45fc9,branch:master). Game began 2024-04-01 16:19:25, ended 2024-04-01 17:32:24. spontiff, neutral male gnomish Healer # ---|- ----- -------- |...| ----------- -------- #.....# |.......# |...| |{........| |......| #|...|###### |......|#### |...-####..........| |%.....| #....| ##|.......####### --|-- |.........| |......| #|...| #|...---- ## ####### ### |.........| |......| #|....## #|...| # #### |.........| -.------ #--|-- # ##....| ## ######### --|-------- ## # # ## #-.--- #######-.------ # # # # # # ####### #|......| # # ### ## # #-------|-- #-......| # # # # #####|........| |......| ### ## ----.------# ##|.^......| |......| # -.--- |..(......|# ##|..(.....| |......| ### |..(| |.........|# ##.........| --------######...>| |@f........# #|...:....| ###0########### # |...| ----------- #---------- ## 0##....| #################### ----- Spontiff the Rhizotomist St:10 Dx:9 Co:17 In:9 Wi:15 Ch:16 Neutral S:208 Dlvl:1 $:450 HP:24(24) Pw:6(6) AC:5 Xp:1/2 T:3525 Latest messages: You sit down. You suddenly yearn for your distant homeland. The large cat drops a worthless piece of yellowish brown glass. You swap places with your large cat. In what direction? h You kick a worthless piece of yellowish brown glass. What do you want to call this dungeon level? magic trap What do you want to drop? [$bd-gj-qs-wyB-IK-MO-SVY or ?*] D You drop a food ration. D - a food ration. Where do you want to travel to? (For instructions type a '?') You climb up the stairs. Where do you want to travel to? (For instructions type a '?') You see here 13 crossbow bolts. You climb up the stairs. Where do you want to travel to? (For instructions type a '?') The grid bug misses! The grid bug bites! You get zapped! The grid bug misses! The large cat bites the grid bug. The grid bug is killed! Where do you want to travel to? (For instructions type a '?') You climb up the stairs. You remember this level as magic traps. Where do you want to travel to? (For instructions type a '?') You stop. Your large cat is in the way! Where do you want to travel to? (For instructions type a '?') You hear some noises in the distance. You hear some noises in the distance. The grid bug bites! You get zapped! The large cat bites the grid bug. The grid bug is killed! The newt bites! The newt misses! The newt misses! The newt bites! The large cat bites the newt. The newt is killed! The large cat eats a newt corpse. Beware, there will be no return! Still climb? [yn] (n) y Do you want your possessions identified? [ynq] (y) y Do you want to see the dungeon overview? [ynq] (y) y Inventory: Coins $ - 450 gold pieces Weapons C - an uncursed +0 elven dagger k - an uncursed +0 orcish dagger K - an uncursed +0 scalpel (alternate weapon; not wielded) Armor g - a blessed +1 pair of leather gloves (being worn) v - a blessed +1 pair of iron shoes (being worn) V - a cursed -2 pair of levitation boots Q - a blessed +0 dwarvish cloak q - an uncursed +0 dwarvish cloak (being worn) B - an uncursed +0 dwarvish cloak Comestibles y - an uncursed apple n - an uncursed food ration D - a cursed food ration G - a cursed egg u - an uncursed lichen corpse Scrolls p - 3 uncursed scrolls of enchant weapon t - an uncursed scroll of identify I - 2 cursed scrolls of identify f - a blessed scroll of light P - an uncursed scroll of stinking cloud d - an uncursed scroll of teleportation Spellbooks m - an uncursed spellbook of protection Potions M - an uncursed potion of booze b - a blessed potion of gain level Y - an uncursed potion of hallucination H - an uncursed potion of monster detection Rings R - an uncursed ring of poison resistance Wands O - an uncursed wand of light (0:13) F - an uncursed wand of lightning (0:6) S - an uncursed wand of sleep (0:6) Tools w - an uncursed mirror e - an uncursed rusty +0 pick-axe s - an uncursed stethoscope o - an uncursed tin whistle Gems/Stones L - an uncursed dilithium crystal E - a cursed garnet stone l - an uncursed luckstone j - an uncursed touchstone Spontiff the Healer's attributes: Background: You were a Rhizotomist, a level 1 male gnomish Healer. You were neutral, on a mission for Hermes who was opposed by Athena (lawful) and Poseidon (chaotic). You were right-handed. You were in the Dungeons of Doom, on level 1. You entered the dungeon 3525 turns ago. You had 2 experience points, 18 more were needed to attain level 2. Your score was 208 before end-of-game adjustments. Basics: You had all 24 hit points. You had all 6 energy points (spell power). Your armor class was 5. Your wallet contained 450 zorkmids. Autopickup was on for '$!/="?' plus thrown, with exceptions. Final Characteristics: Your strength was 10 (limit:18/50). Your dexterity was 9 (limit:18). Your constitution was 17 (limit:18). Your intelligence was 9 (limit:19). Your wisdom was 15 (limit:18). Your charisma was 16 (limit:18). Final Status: You weren't hungry. You were unencumbered. You were empty handed. You were unskilled in bare handed combat. Final Attributes: You were piously aligned. Your items were somewhat protected from fire. Your items were somewhat protected from cold. You were poison resistant. You had infravision. You were warded. You were lucky. You had extra luck. Bad luck did not time out for you. Good luck did not time out for you. You survived. Miscellaneous: You never encountered a bones level. Total elapsed playing time was 1 hour, 8 minutes and 9 seconds. Major events: Turn 1: spontiff the neutral male gnomish Healer entered the dungeon 1009: entered the Gnomish Mines 2226: reached Mine Town 3525: escaped Vanquished creatures: a gnome leader 3 dwarves an acid blob 4 hobbits a large kobold 4 giant rats 2 brown molds 3 yellow molds a green mold 2 red molds 4 gnomes a gnome zombie 3 geckos 2 jackals a fox a kobold 3 goblins 4 sewer rats 16 grid bugs a bat 6 lichens a kobold zombie 9 newts 74 creatures vanquished. No species were genocided or became extinct. Voluntary challenges: You never hit with a wielded weapon. You read items or engraved 2 times. You never engraved Elbereth. You never genocided any monsters. You never polymorphed an object. You never changed form. You used no wishes. Achievements: You entered the Gnomish Mines. You entered a shop. You entered Minetown. The Dungeons of Doom: levels 1 to 4 Level 1: "magic traps" <- You left from here. A fountain. Level 2: A fountain. Stairs down to The Gnomish Mines. Level 3: A general store. Level 4: The Gnomish Mines: levels 3 to 5 Level 3: Level 4: "magic trap" Level 5: Goodbye spontiff the Healer... You and the large cat escaped from the dungeon with 5480 points, 1 dilithium crystal (worth 4500 zorkmids), 1 garnet stone (worth 700 zorkmids), and 450 pieces of gold, after 3525 moves. You were level 1 with a maximum of 24 hit points when you escaped.